Workbook

Sheet Drumclip Cost Saving Calculator
E2: Drumclip | Invago B.V.
E3: Chr, Huygensstraat 3
E4: 3261LR Oud-Beijerland
E5: The Netherlands
E7: T: 00316-41170070
E8: @: info@drumclip.nl
E9: IBAN: NL40INGB0008185033
E11: C.o.C.: 71123857
E12: VAT: NL 8585.88.419.B01
B13: Fill-in to make your calculation tool
E15: Drumclip is a patented trademark brand of Invago B.V.
B16: 46258 | E16: Questions? Our Contact info
B18: Customer / Project | E18: Morgan Ward
E19: Tel.: +31624708085
B20: Adress | E20: mw@drumclip.nl
E22: Wouter Geldhof
E23: Tel.: +31641170070
E24: wg@drumclip.nl
B25: Contact person
B26: Contact info
B30: Check current method. Compare the cost-saving method to secure your drums with Drumclip
C32: Type of drum: | E32: Tighthead standard drum with ring closure (200L / 55 gallon)
C34: Pallets per site per year:
C36: How many sites: | E36: 1
C38: Drums per pallet: | E38: 4
C40: Price you pay per pallet:
B42: All set! Thank you. See your calculations and results here:
B43: Here is the information, calculations and a comparison of Drumclip with your current method:
C45: Type of drumclip: | E45: ='Code table'!B18 -> DC18A Red
C47: Drums per site, per year: | E47: =E34*E38 -> 0
B49: Drumclip to secure drums on pallets. Certified safe for transport.
B50: Cost-savings benefit
B52: Drumclip type | C52: =E45 -> DC18A Red
B53: Price per Drumclip | C53: =IF(C58<1000,"",IFERROR(INDEX('Price Quotation'!$D$4:$H$6,MATCH(C52,'Price Quotation'!$B$4:$B$6,0),MATCH(C58,'Price Quotation'!$D$3:$H$3,1)),))
B54: Signode Tenax T2220 (1 rol of 1.100 Meter) | C54: 63.5 | E54: (Based on ordering 24 rols of 1100meter/ Full pallet)
B55: Price per pallet (Top pallet cargo securing) | C55: =E40 -> 0
B57: Annual requirement total - per plant
B58: Drums - Per plant per year | C58: =E34*E38 -> 0
B59: Drumclips required (2 per pallet) | C59: =C58/2 -> 0
B60: Number of Drums per pallet | C60: =E38 -> 4
B61: Number of Drumclips per pallet | C61: 2
B62: Number of pallets | C62: =E34 -> 0
B64: Annual requirement total all plants
B65: Drums - Per plant per year | C65: =C58*E36 -> 0
B66: Drumclips required (2 per pallet) | C66: =C65/2 -> 0
B67: Number of Drums per pallet | C67: =E36 -> 1
B68: Number of Drumclips per pallet | C68: 2
B70: *based on Steel Drums.
B72: Product | C72: Quantity | E72: Details and notes
B73: Signode Tenax T2220 | C73: =C62*C74 -> 0 | E73: Total meters
B74: Required meters of strap per pallet with Drumclip | C74: 9.2 | E74: (Based on 2 straps, 1 vertical and 1 horizontal + 2 Drumclips - Certified load).
B75: Total quantity of roll Signode Tenax T2220 | C75: =(C73)/1100 -> 0 | E75: 1 pallet contains 24 rolls of 1.100 meter Tenax T2220
B76: Number of pallets Tenax T2220 | C76: =C75/24 -> 0 | E76: Annual required
B78: * 1 Rol Tenax T2220 is about 100 pallets. (based op 2 straps, 1 vertical and 1 horizontal + 2 Drumclips)
B79: * Based on 11 meter strapping per pallet.
B82: Compare the options
B84: Drumclip Strapping Package: Single Use | E84: Drumclip Strapping Package: Reuse | H84: Top pallets used for Transport Safety
B86: Product | E86: Product | H86: Product
B87: Initial investment Drumclip Strapping Package | C87: EURO € | E87: Initial investment Drumclip Strapping Package | F87: EURO € | H87: Initial investment Drumclip Strapping Package | I87: EURO €
B88: Signode BTX4-19 (1 pcs) | C88: 2687 | E88: Signode BTX4-19 (1 pcs) | F88: 2687 | H88: Signode BTX4-19 (1 pcs) | I88: 2687
B89: Battery charged (1 pcs) | C89: 95 | E89: Battery charged (1 pcs) | F89: 95 | H89: Battery charged (1 pcs) | I89: 95
B90: Protection plate (1 pcs) | C90: 50 | E90: Protection plate (1 pcs) | F90: 50 | H90: Protection plate (1 pcs) | I90: 50
B91: Signode Plastic strap dispenser (1 pcs) | C91: 445 | E91: Signode Plastic strap dispenser (1 pcs) | F91: 445 | H91: Signode Plastic strap dispenser (1 pcs) | I91: 445
B93: Total initial investment | C93: =SUM(C88:C92) -> 3277 | E93: Total initial investment | F93: =SUM(F88:F92) -> 3277 | H93: Total initial investment | I93: =SUM(I88:I92) -> 3277
B95: One time use | E95: Number of Reuse of Drumclips | I95: 0
B96: Consumables One time use | E96: Consumables | H96: Consumables
B97: Signode Tenax T2220 (horizontal and vertical strap) | C97: =C75*C54 -> 0 | E97: Signode Tenax T2220 (horizontal and vertical strap) | F97: =C97 -> 0 | H97: Signode Tenax T2220 (only horizontal strap) | I97: =F97/2 -> 0
B98: =E45 -> DC18A Red | C98: =C53*C59 -> #VALUE! | E98: =E45 -> DC18A Red | F98: =F108*C53 -> #VALUE! | H98: =E45 -> DC18A Red | I98: 0
H99: Top pallet (Reused) | I99: =C55*C62 -> 0
B100: Total Consumables | C100: =SUM(C96:C99) -> #VALUE! | E100: Total Consumables | F100: =SUM(F96:F99) -> #VALUE! | H100: Total Consumables | I100: =SUM(I96:I99) -> 0
B102: Total | C102: =C100+C93 -> #VALUE! | E102: Total | F102: =F100+F93 -> #VALUE! | H102: Total | I102: =I100+I93 -> 3277
B105: Price per pallet Single use of Drumclip | E105: Price per pallet Reuse of the Drumclips | H105: Price with Top Pallet securing (No drumclips)
B106: Number of pallets | C106: =C62 -> 0 | E106: Times Reused | F106: 3 | H106: Number of pallets | I106: =C62 -> 0
E107: Loss Margin | F107: 0.1
E108: Number of required Drumclips when Reused | F108: =(C59*(1*(100%+F107)))/F106 -> 0
B110: Investment in tools | C110: =$C$93/C62 -> #DIV/0! | E110: Investment in tools | F110: =F93/C62 -> #DIV/0! | H110: Investment in tools | I110: =I93/C62 -> #DIV/0!
B111: =B54 -> Signode Tenax T2220 (1 rol of 1.100 Meter) | C111: =(C54/1100)*C74 -> 0.53109091 | E111: Signode Tenax T2220 | F111: =C111 -> 0.53109091 | H111: Signode Tenax T2220 | I111: =(I97/C62) -> #DIV/0!
B112: =E45 -> DC18A Red | C112: =(C98/C62) -> #VALUE! | E112: =E45 -> DC18A Red | F112: =(F98/C62) -> #VALUE! | H112: Top pallet (Reused) | I112: =I99/C62 -> #DIV/0!
B114: Total investment per pallet | C114: =SUM(C110:C113) -> #DIV/0! | E114: Total investment per pallet | F114: =SUM(F110:F112) -> #DIV/0! | H114: Total investment per pallet | I114: =SUM(I110:I113) -> #DIV/0!

Sheet Compare your options
E2: Drumclip | Invago B.V.
E3: Chr, Huygensstraat 3
E4: 3261LR Oud-Beijerland
E5: The Netherlands
E7: T: 00316-41170070
E8: @: info@drumclip.nl
E9: IBAN: NL40INGB0008185033
E11: C.o.C.: 71123857
E12: VAT: NL 8585.88.419.B01
B13: Fill-in to make your calculation tool
E15: Drumclip is a patented trademark brand of Invago B.V.
B16: 46258 | E16: Questions? Our Contact info
B18: Customer / Project | C18: ='Drumclip Cost Saving Calculator'!C18 -> 0 | E18: Wouter Geldhof
E19: Tel.: +31641170070
B20: Adress | C20: Caleppio 1 | E20: wg@drumclip.nl
C21: Via Achille Grandi 3
C22: I-20049 Caleppio di Settala (MI) | E22: Morgan Ward
C23: Office: +39 02 95790219 | E23: Tel.: +31624708085
E24: mw@drumclip.nl
B25: Contact person | C25: Claudia Belotti
B26: Contact info | C26: Transport Safety Expert EMEA & APAC
C27: Mobile: +39 342 7553096
C28: claudia.belotti@sunchemical.com
B30: Check current method. Compare the cost-saving method to secure your drums with Drumclip
C32: Type of drum: | E32: Openhead standard drum with ring closure (200L / 55 gallon)
C34: Pallets per site per year: | E34: 8000
C36: Sites: | E36: 2
C38: Drums per pallet: | E38: 2
C40: Price you per pallet: | E40: 10
B42: All set! Thank you. See your calculations and results here:
B43: Here is the information, calculations and a comparison of Drumclip with your current method:
C45: Type of drumclip: | E45: ='Code table'!B18 -> DC18A Red
C47: Drums per site, per year: | E47: 12000
B49: Drumclip to secure drums on pallets. Certified safe for transport.
B50: Cost-savings benefit
B52: Drumclip type | C52: =E45 -> DC18A Red
B53: Price per Drumclip | C53: =IF(C58<1000,"",IFERROR(INDEX('Price Quotation'!$D$4:$H$6,MATCH(C52,'Price Quotation'!$B$4:$B$6,0),MATCH(C58,'Price Quotation'!$D$3:$H$3,1)),)) -> 2.960464
B54: Signode Tenax T2220 (1 rol of 1.100 Meter) | C54: 63.5 | E54: (Based on ordering 24 rols of 1100meter/ Full pallet)
B55: Price per pallet (Top pallet cargo securing) | C55: =E40 -> 10
B57: Annual requirement total - per plant
B58: Drums - Per plant per year | C58: =E34*E38 -> 16000
B59: Drumclips required (2 per pallet) | C59: =C58/2 -> 8000
B60: Number of Drums per pallet | C60: =E38 -> 2
B61: Number of Drumclips per pallet | C61: 2
B62: Number of pallets | C62: =E34 -> 8000
B64: Annual requirement total all plants
B65: Drums - Per plant per year | C65: =C58*E36 -> 32000
B66: Drumclips required (2 per pallet) | C66: =C65/2 -> 16000
B67: Number of Drums per pallet | C67: =E36 -> 2
B68: Number of Drumclips per pallet | C68: 2
B70: *based on Steel Drums.
B72: Product | C72: Quantity | E72: Details and notes
B73: Signode Tenax T2220 | C73: =C62*C74 -> 73600 | E73: Total meters
B74: Required meters of strap per pallet with Drumclip | C74: 9.2 | E74: (Based on 2 straps, 1 vertical and 1 horizontal + 2 Drumclips - Certified load).
B75: Total quantity of roll Signode Tenax T2220 | C75: =(C73)/1100 -> 66.909091 | E75: 1 pallet contains 24 rolls of 1.100 meter Tenax T2220
B76: Number of pallets Tenax T2220 | C76: =C75/24 -> 2.7878788 | E76: Annual required
B78: * 1 Rol Tenax T2220 is about 100 pallets. (based op 2 straps, 1 vertical and 1 horizontal + 2 Drumclips)
B79: * Based on 11 meter strapping per pallet.
B82: Comparison of options
B85: Drumclip Strapping Package | E85: Reuse of the Drumclip | H85: Top pallets used for Transport Safety
B87: Product | E87: Product | H87: Product
B88: Initial investment Drumclip Strapping Package | C88: EURO € | E88: Initial investment Drumclip Strapping Package | F88: EURO € | H88: Initial investment Drumclip Strapping Package | I88: EURO €
B89: Signode BTX4-19 (1 pcs) | C89: 2687 | E89: Signode BTX4-19 (1 pcs) | F89: 2687 | H89: Signode BTX4-19 (1 pcs) | I89: 2687
B90: Battery charged (1 pcs) | C90: 95 | E90: Battery charged (1 pcs) | F90: 95 | H90: Battery charged (1 pcs) | I90: 95
B91: Protection plate (1 pcs) | C91: 50 | E91: Protection plate (1 pcs) | F91: 50 | H91: Protection plate (1 pcs) | I91: 50
B92: Signode Plastic strap dispenser (1 pcs) | C92: 445 | E92: Signode Plastic strap dispenser (1 pcs) | F92: 445 | H92: Signode Plastic strap dispenser (1 pcs) | I92: 445
B94: Total initial investment | C94: =SUM(C89:C93) -> 3277 | E94: Total initial investment | F94: =SUM(F89:F93) -> 3277 | H94: Total initial investment | I94: =SUM(I89:I93) -> 3277
B96: One time use | E96: Number of Reuse of Drumclips | I96: 0
B97: Consumables One time use | E97: Consumables | H97: Consumables
B98: Signode Tenax T2220 (horizontal and vertical strap) | C98: =C75*C54 -> 4248.7273 | E98: Signode Tenax T2220 (horizontal and vertical strap) | F98: =C98 -> 4248.7273 | H98: Signode Tenax T2220 (only horizontal strap) | I98: =F98/2 -> 2124.3636
B99: =E45 -> DC18A Red | C99: =C53*C59 -> 23683.712 | E99: =E45 -> DC18A Red | F99: =F109*C53 -> 8684.0277 | H99: =E45 -> DC18A Red | I99: 0
H100: Top pallet (Reused) | I100: =C55*C62 -> 80000
B101: Total Consumables | C101: =SUM(C97:C100) -> 27932.439 | E101: Total Consumables | F101: =SUM(F97:F100) -> 12932.755 | H101: Total Consumables | I101: =SUM(I97:I100) -> 82124.364
B103: Total | C103: =C101+C94 -> 31209.439 | E103: Total | F103: =F101+F94 -> 16209.755 | H103: Total | I103: =I101+I94 -> 85401.364
B106: Price per pallet Single use of Drumclip | E106: Price per pallet Reuse of the Drumclips | H106: Price with Top Pallet securing (No drumclips)
B107: Number of pallets | C107: =C62 -> 8000 | E107: Times Reused | F107: 3 | H107: Number of pallets | I107: =C62 -> 8000
E108: Loss Margin | F108: 0.1
E109: Number of required Drumclips when Reused | F109: =(C59*(1*(100%+F108)))/F107 -> 2933.3333
B111: Investment in tools | C111: =$C$94/C62 -> 0.409625 | E111: Investment in tools | F111: =F94/C62 -> 0.409625 | H111: Investment in tools | I111: =I94/C62 -> 0.409625
B112: =B54 -> Signode Tenax T2220 (1 rol of 1.100 Meter) | C112: =(C54/1100)*C74 -> 0.53109091 | E112: Signode Tenax T2220 | F112: =C112 -> 0.53109091 | H112: Signode Tenax T2220 | I112: =(I98/C62) -> 0.26554545
B113: =E45 -> DC18A Red | C113: =(C99/C62) -> 2.960464 | E113: =E45 -> DC18A Red | F113: =(F99/C62) -> 1.0855035 | H113: Top pallet (Reused) | I113: =I100/C62 -> 10
B115: Total investment per pallet | C115: =SUM(C111:C114) -> 3.9011799 | E115: Total investment per pallet | F115: =SUM(F111:F113) -> 2.0262194 | H115: Total investment per pallet | I115: =SUM(I111:I114) -> 10.67517

Sheet Savings current vs. Drumclip
A3: Savings with Drumclip type: | B3: ='Compare your options'!C52 -> DC18A Red
A7: When pallets are used for Transport Safety, Cargo securing. | E7: When Drumclips are used for Transport Safety, Cargo Securing. | J7: Comparisation truck load | K7: Use of Drumclips | N7: Comparisation truck load | O7: Pallets on top
J8: Diesel / Fuel | K8: 2.25 | L8: per liter | N8: Diesel / Fuel | O8: 2.25 | P8: per liter
A9: Weight of a pallet | B9: 22.5 | C9: kg | E9: Weight of a pallet | F9: 0.14 | G9: kg | J9: Consumption / Avg. | K9: 3 | L9: km per liter | N9: Consumption / Avg. | O9: 3.1 | P9: km per liter
A10: Number of pallets in a full Truck Load (FTL) | B10: 22 | C10: pcs | E10: Number of pallets in a full Truck Load (FTL) | F10: =B10 -> 22 | G10: pcs
A11: Total weight of TOP pallets in a FTL | B11: =B10*B9 -> 495 | C11: Kg | E11: Number of Drumclips per pallet | F11: 2 | G11: pcs | J11: Cost at 200 Km. | K11: =(200/$K$9)*$K$8 -> 150 | N11: Cost at 200 Km. | O11: =(200/$O$9)*$O$8 -> 145.16129
E12: Number of Drumclips per FTL | F12: =F10*F11 -> 44 | G12: pcs | J12: Cost at 200 Km. | K12: =(500/$K$9)*$K$8 -> 375 | N12: Cost at 200 Km. | O12: =(500/$O$9)*$O$8 -> 362.90323
A13: Number of Drums annual - Per plant per year | B13: ='Compare your options'!C58 -> 16000 | C13: pcs | J13: Cost at 1000 Km. | K13: =(1000/$K$9)*$K$8 -> 750 | N13: Cost at 1000 Km. | O13: =(1000/$O$9)*$O$8 -> 725.80645
A14: Number of drums in a FTL | B14: 88 | C14: pcs | E14: Total weight of Drumclips used for Cargo Securing | F14: =F12*F9 -> 6.16 | G14: Kg
A15: Number of trucks needed annual | B15: =B13/B14 -> 181.81818 | C15: Loads | J15: Annual Cost at 200 Km | K15: =K11*$F$20 -> 54545.455 | N15: Annual Cost at 200 Km | O15: =O11*$F$20 -> 52785.924
E16: Number of Drums annual | F16: =B13 -> 16000 | G16: pcs | J16: Annual Cost at 500 Km | K16: =K12*$F$20 -> 136363.64 | N16: Annual Cost at 500 Km | O16: =O12*$F$20 -> 131964.81
A17: Total weight of TOP pallets for Cargo securing annual | B17: =B15*B11 -> 90000 | C17: Kg | E17: Number of pallets annual | F17: ='Compare your options'!C62 -> 8000 | G17: pcs | J17: Annual Cost at 1000 Km | K17: =K13*$F$20 -> 272727.27 | N17: Annual Cost at 1000 Km | O17: =O13*$F$20 -> 263929.62
E19: Number of pallets with Drums a FTL | F19: 22 | G19: pcs | J19: Saving 200km | K19: =K15-O15 -> 1759.5308 | L19: Year
E20: Number of trucks needed annual | F20: =F17/F19 -> 363.63636 | G20: loads | J20: Saving 500 Km | K20: =K16-O16 -> 4398.827 | L20: Year
J21: Saving 1000Km | K21: =K17-O17 -> 8797.654 | L21: Year
E22: Total weight of Drumclips needed for Cargo securing Annual | F22: =F20*F14 -> 2240 | G22: Kg
E23: Weight reduction because of use Drumclips in Kilogram | F23: =B17-F22 -> 87760 | G23: Kg
E24: Weight reduction because of use Drumclips in Percentage | F24: =100%-(F22/B17) -> 0.97511111
A30: Investment when TOP pallet are used for Transport Safety | E30: Investement when Drumclips are used for Transport Safety
A32: Price per pallet | B32: ='Compare your options'!C55 -> 10 | C32: pcs | E32: Price per Drumclip DC19B GREEN | F32: ='Compare your options'!C53 -> 2.960464 | G32: pcs
A33: Number of needed pallets annual | B33: =F17 -> 8000 | C33: yearly | E33: Number of Drumclips needed | F33: =F11*F17 -> 16000 | G33: yearly
A34: Total investment of TOP pallets | B34: =B33*B32 -> 80000 | C34: yearly | E34: Total investment of Drumclips (one time use) | F34: =F33*F32 -> 47367.424 | G34: yearly
A38: cost of Operator time
A39: Costing
A41: Current situation, when TOP pallets are used | E41: New situation when Drumclips are used
A42: Time needed to load a FTL | B42: 90 | C42: minutes | E42: Time needed to load a FTL | F42: 20 | G42: minutes
A43: Rate employee yard | B43: 38 | C43: hourly | E43: Rate employee yard | F43: =B43 -> 38 | G43: hourly
A44: Total cost per FTL to load | B44: =(B43/60)*B42 -> 57 | E44: Total cost per FTL to load | F44: =(F43/60)*F42 -> 12.666667
A45: Total cost Employe to load a FTL Annual when TOP pallet used | B45: =B44*B15 -> 10363.636 | C45: yearly | E45: Total cost Employe to load a FTL Annual when Drumclips are used | F45: =F44*F20 -> 4606.0606 | G45: yearly
A47: Number of FTL hourly based | B47: =60/B42 -> 0.66666667 | C47: pcs | E47: Number of FTL hourly based | F47: =60/F42 -> 3 | G47: pcs
A48: Number of FTL daily based | B48: =8*B47 -> 5.3333333 | C48: pcs | E48: Number of FTL daily based | F48: =8*F47 -> 24 | G48: pcs
A51: =A30 -> Investment when TOP pallet are used for Transport Safety | B51: =B34 -> 80000 | E51: =E30 -> Investement when Drumclips are used for Transport Safety | F51: =F34 -> 47367.424
A52: Total cost Employe to load a FTL Annual when TOP pallet used | B52: =B45 -> 10363.636 | C52: + | E52: Total cost Employe to load a FTL Annual when Drumclips are used | F52: =F45 -> 4606.0606 | G52: +
A53: Total cost when TOP Pallets are used for Transport Safety | B53: =B51+B52 -> 90363.636 | E53: Total cost when Drumclips are used for Transport Safety | F53: =F51+F52 -> 51973.485
E56: Saving when Drumclips are used for Transport Safety in EURO | F56: =F53-B53 -> -38390.152
E57: Saving when Drumclips are used for Transport Safety in Percentage | F57: =F24 -> 0.97511111 | G57: =B17 -> 90000 | H57: Kg
E58: Saving when Drumclips are used for Transport Safety/Empolye | F58: =B45-F45 -> 5757.5758

Sheet Price Quotation
C1: Pricing based on 2026
B2: Type | D2: Quantity per type of Drumclip
D3: 1000 | E3: 3000 | F3: 6000 | G3: 12000 | H3: 24000
B4: DC18A RED | D4: 3.4424 | E4: 3.27028 | F4: 3.09816 | G4: 2.960464 | H4: 2.75392
B5: DC19B GREEN | D5: 3.7232 | E5: 3.53704 | F5: 3.35088 | G5: 3.201952 | H5: 2.97
B6: DC23C ORANGE | D6: 3.8688 | E6: 3.67536 | F6: 3.48192 | G6: 3.327168 | H6: 3.09504
B8: Quote validity for 30 days from quote date: | D8: ='Compare your options'!B16 -> 46258

Sheet Code table
B3: THEN | C3: IF
B4: DRUMCLIP TYPE | C4: DRUM TYPE
B5: DC18A Red | C5: Tighthead standard drum with ring closure (200L / 55 gallon)
B6: DC19B Green | C6: Openhead standard drum with ring closure (200L / 55 gallon)
B7: DC19B Green | C7: Plastic drums ( 200 L / 55 gallon)
B8: DC23C Orange | C8: Openhead ISO drum with ring closure (200L / 55 gallon)
B9: DC23C Orange | C9: Openhead ISO drums with broader ring closure used for intermodal / sea transport (200 L / 55 gallon)
B10: DC23C Orange | C10: Kegs (50L 13.2 gallons)
B13: Drums per pallet
B14: 2
B15: 4
B18: =INDEX('Code table'!$B$5:$B$10,MATCH('Drumclip Cost Saving Calculator'!E32,'Code table'!$C$5:$C$10,0)) -> DC18A Red
B20: 1
B21: =B20+1 -> 2
B22: =B21+1 -> 3
B23: =B22+1 -> 4
B24: =B23+1 -> 5
B25: =B24+1 -> 6
B26: =B25+1 -> 7
B27: =B26+1 -> 8
B28: =B27+1 -> 9
B29: =B28+1 -> 10
B30: =B29+1 -> 11
B31: =B30+1 -> 12
B32: =B31+1 -> 13
... B39: =B38+1 -> 20
B40: Price discount above 20 sites / locations. Please get in touch with us.
